Akko, neutral female human Valkyrie ----- #....| ------------- ###|...| |...........| # |.^..# |...........| ### |%.(|# |...........| -------------# -----# |<..........| |`.........`|# # |...........| |.....`.....|# #######.......)....| |...-----...|# # ----------|-- |...|.{.|...|# # ## -..`|{.{.`%.|# # # |...|.{.|...|# # ############ |...-----...-I # -.------- |.....`.....| # |.......| |`.!.......`| ###|.......| ------------- #........| --------- Akko the Skirmisher Experience level: 4 Strength: 15 Dexterity: 14 Constitution: 18 Intelligence: 8 Wisdom: 10 Charisma: 14 Health: 0(46) Energy: 18(18) Def: 11 Gold: 257 Moves: 2937 Dungeon seed: RCrznisEB1CCN9ft Game ID: Akko_1496913369 Your Inventory: Coins $ - 257 gold pieces Weapons a - 3 uncursed +2 spears named Spear of Fate (in quiver) Armor e - an uncursed +3 small shield (being worn) y - an uncursed rusty +0 plate mail (being worn) Comestibles d - 2 uncursed food rations Scrolls i - 2 uncursed scrolls of scare monster j - an uncursed scroll of enchant armor k - a cursed scroll of destroy armor p - an uncursed scroll of confuse monster Potions t - an uncursed potion of hallucination Rings h - a cursed ring of conflict Wands c - an uncursed wand of cold (0:4) o - an uncursed wand of cold (0:7) r - an uncursed wand of fire (0:7) Tools f - an uncursed oil lamp (0:1079) Gems q - 9 uncursed rocks Spells and supernatural/magical abilities: Name Level Category Fail Memory W - pray for help -- divine ? -- Your skills at the end: Miscellaneous Skills bare handed combat [Basic] shield [Basic] wands [Basic] stealth [Basic] Weapon Skills dagger [Basic] spear [Basic] Spellcasting Skills Final Attributes: You were fervently aligned. You were cold resistant. You were somewhat stealthy. You could fly. You are dead. Vanquished creatures: a rock piercer a gray ooze 2 kittens a homunculus 2 iguanas a giant bat 2 gas spores a hobbit an acid blob 2 giant rats a cave spider 2 green molds 2 manes 5 jackals 2 newts 5 sewer rats 2 grid bugs a bat 3 lichens a kobold zombie 38 creatures vanquished. Voluntary challenges: You did not adorn yourself with jewelry or accessories. You did not cause conflict. You were not invisible. You did not have reflection. You were not displaced. You had been an atheist until turn 1883. You never hit with a wielded weapon. You did not use tools. You did not use plumbed fixtures. You were illiterate. You never genocided any monsters. You never polymorphed an object. You never changed form. You used no wishes. You never split a pudding. You never wrote Elbereth's name. You violated your moral code, losing 5 points of alignment, starting on turn 1005. Dungeon overview: The Dungeons of Doom: levels 1 to 5 Level 1 a fountain a long staircase Level 2 Level 3 Level 4 a fountain Level 5 <- You were here many fountains History has recorded: On T:1 you entered the Dungeons of Doom to retrieve the Amulet of Yendor! On T:591 you reached level 2 of The Dungeons of Doom. On T:852 you reached level 3 of The Dungeons of Doom. On T:1005 you advanced to experience level 2. On T:1005 you advanced to experience level 3. On T:1053 you reached level 4 of The Dungeons of Doom. On T:1415 you reached level 5 of The Dungeons of Doom. On T:1600 you advanced to experience level 4. On T:1883 you prayed to Odin. Score breakdown: Gold: 257 ( 25 points) Experience: 4 levels ( 300 points) Exploration: 5 levels ( 120 points) Discoveries: 8 items ( 400 points) Variety of kills: 20 monsters ( 1000 points) Major goal: (nothing yet) ( 0 points) Survival: died (score multiplied by 3) Total score: 5535 Latest messages: The homunculus misses. You punch the gray ooze. The imp claws you! The homunculus bites! You punch the gray ooze. The imp claws you! The homunculus misses. You miss the gray ooze. The imp claws you! The homunculus bites! You punch the imp. The imp claws you! The homunculus misses. You punch the imp. The imp misses. The homunculus bites! You miss the imp. The imp misses. The homunculus misses. You miss the imp. The imp claws you! The homunculus bites! You are put to sleep! Something claws you! You die... Final status: Farvel Akko the Valkyrie, killed by an imp, while sleeping... You died in The Dungeons of Doom on dungeon level 5 with 5535 points, and 257 pieces of gold, after 2937 moves. You were level 4 with a maximum of 46 hit points when you died.